 Dungeon Crawl Stone Soup version 0.29.1-12-g30fa7ad0bf (webtiles) character file.

Game seed: 3251059041577720975

454 hawla the Firebug (level 7, -3/50 HPs)
             Began as a Meteoran Fire Elementalist on Dec 31, 2022.
             Slain by a yak (5 damage)
             ... on level 5 of the Dungeon.
             The game lasted 00:04:55 (912 turns).

hawla the Firebug (Meteoran Fire Elementalist)       Turns: 912, Time: 00:04:56

Health: -3/50      AC:  6    Str:  9    XL:     7   Next: 51%
Magic:  7/14       EV: 13    Int: 19    God:
Gold:   130        SH:  0    Dex: 15    Spells: 8/15 levels left

rFire   . . .      SeeInvis .   (no weapon)
rCold   . . .      Faith    .   (no shield)
rNeg    . . .      Spirit   .   a - +0 robe
rPois   .          Reflect  .   (no helmet)
rElec   .          Harm     .   (no cloak)
rCorr   .          Rampage  .   (no gloves)
Will    .....                   (no boots)
Stlth   +.........              (no amulet)
HPRegen 0.16/turn               d - +4 ring of protection
MPRegen 0.14/turn               (no ring)

@: glowing
A: sense surroundings 1, otherworldly, glowing, explore regen, mutation
resistance 1, MP-powered wands
a: no special abilities


You were on level 5 of the Dungeon.
You visited 1 branch of the dungeon, and saw 5 of its levels.

You collected 130 gold pieces.

Inventory:

Armour
 a - a +0 robe (worn)
Jewellery
 b - a ring of ice
 d - a +4 ring of protection (left hand)
Scrolls
 c - a scroll of identify
 e - a scroll of noise
 g - a scroll of fog
Potions
 f - a potion of mutation


   Skills:
 + Level 0.1 Fighting
 + Level 3.1 Dodging
 - Level 1.4 Stealth
 + Level 4.6 Spellcasting
 + Level 5.5 Conjurations
 + Level 5.9 Fire Magic


You had 8 spell levels left.
You knew the following spells:

 Your Spells              Type           Power      Damage    Failure   Level
a - Foxfire               Conj/Fire      100%       2x1d9     1%          1
b - Scorch                Fire           54%        2d7       1%          2
c - Flame Wave            Conj/Fire      26%        2d8       12%         4

Your spell library contained the following spells:

 Spells                   Type           Power      Damage    Failure   Level
 Conjure Flame            Conj/Fire      26%        6-21      3%          3
 Inner Flame              Hex/Fire       15%        N/A       12%         3
 Apportation              Tloc           8%         N/A       13%         1
 Necrotise                Necr           16%        1d4       13%         1
 Sandblast                Erth           8%         2d5       13%         1
 Summon Small Mammal      Summ           16%        N/A       13%         1
 Ozocubu's Armour         Ice            4%         N/A       36%         3
 Leda's Liquefaction      Hex/Erth       2%         N/A       78%         4
 Metabolic Englaciation   Hex/Ice        2%         N/A       98%         5
 Iron Shot                Conj/Erth      7%         9d2       99%         6
 Simulacrum               Ice/Necr       2%         N/A       100%        6
 Ignition                 Fire           13%        3d6       100%        8


Dungeon Overview and Level Annotations

Branches:
Dungeon (5/15) Zot: 2079
 Temple: D:4-7

Altars:


Innate Abilities, Weirdness & Mutations

You passively map a small area around you.
You are easily found by Zot.
You glow in the dark.
You regain HP and MP as you explore.
You are somewhat resistant to further mutation.
You expend magic power (3 MP) to strengthen your wands.


Message History

A wave of flame ripples out!
The flame wave engulfs the scorpion!
The scorpion is burned terribly!
You kill the scorpion!
The flame wave engulfs the yak!
The yak is heavily wounded.
The flame wave engulfs the yak!
The yak is moderately wounded.
The flame wave engulfs the yak!
The yak is moderately wounded.
The flame wave engulfs the yak.
The yak is lightly wounded.
You feel sick. The yak gores you!
A wave of flame ripples out!
The flame wave engulfs the yak!
The yak is severely wounded.
The flame wave engulfs the yak!
The yak is severely wounded.
The flame wave engulfs the yak.
The yak is lightly wounded.
The flame wave engulfs the yak!
The yak is heavily wounded.
The flame wave engulfs the yak.
The yak is lightly wounded.
You finish channelling waves of flame.
You feel sick. The yak closely misses you.
The yak gores you but does no damage.
Unknown command.
As you read the scroll labelled OMYACLOMNE, it crumbles to dust.
You hear a loud clanging noise!
It was a scroll of noise.
You feel sick. The yak gores you.
* * * LOW HITPOINT WARNING * * *
The yak gores you!
* * * LOW HITPOINT WARNING * * *
You feel better. The yak completely misses you. The yak barely misses you.
The yak attacks as you move away! The yak misses you.
The yak attacks as you move away! The yak gores you!
* * * LOW HITPOINT WARNING * * *
It was a potion of mutation.
You feel extremely strange.
You feel genetically stable.
You feel your magical essence link to the dungeon's wands.
The yak gores you.
You die...

####.##### * #.. , ......#
#.<......., , #.# **
#....# ..##.##.##, * #.#
*, #.... ..# # * ,* #.#
.####.. .##*, , #.#
....... ## , , ,
,#####.### #####.# . , ,
,#.......# #.. #* *
***#.###.#.# ### # ,, ,##
#@# #.#.##### ## ##.# #Y#
#.......# ##. .##.Y.##Y#
###.###.# ##.. .......#Y#
#..##.# #...
.......YY#####...#.##....
,........Y...........+....
,
........######...#.##....
*#......## ##.##.###... ,
###...# #.....# ##..


You could see 6 yaks.

Vanquished Creatures
  Menkaure (D:4)
  2 scorpions
  An orc priest (D:4)
  A jelly (D:4)
  Jessica (D:2)
  2 iguanas
  An orc wizard (D:4)
  3 adders
  6 orcs
  An endoplasm (D:4)
  A giant cockroach (D:2)
  A hobgoblin (D:1)
  A quokka (D:2)
  4 goblins
  5 kobolds
  3 rats
34 creatures vanquished.

Vanquished Creatures (collateral kills)
  2 foxfires (D:2)
2 creatures vanquished.

Vanquished Creatures (others)
  44 foxfires
  13 plants (D:2)
57 creatures vanquished.

Grand Total: 93 creatures vanquished

Notes
Turn   | Place    | Note
-------+----------+-------------------------------------------
     0 | D:1      | hawla the Meteoran Fire Elementalist began the quest for
                  | the Orb.
     0 | D:1      | Reached XP level 1. HP: 14/14 MP: 5/5
    89 | D:1      | Reached XP level 2. HP: 20/20 MP: 1/6
   114 | D:2      | Noticed Jessica
   119 | D:2      | Learned a level 2 spell: Scorch
   124 | D:2      | Killed Jessica
   125 | D:2      | Reached XP level 3. HP: 22/26 MP: 1/8
   127 | D:2      | Reached XP level 4. HP: 24/33 MP: 0/10
   131 | D:2      | Learned a level 3 spell: Conjure Flame
   285 | D:3      | Noticed a scorpion
   290 | D:3      | Killed a scorpion
   291 | D:3      | Reached skill level 5 in Fire Magic
   291 | D:3      | Reached XP level 5. HP: 38/38 MP: 5/11
   341 | D:4      | Learned a level 4 spell: Flame Wave
   390 | D:4      | Reached XP level 6. HP: 45/45 MP: 5/12
   520 | D:4      | Noticed Menkaure
   526 | D:4      | Killed Menkaure
   527 | D:4      | Reached skill level 5 in Conjurations
   527 | D:4      | Reached XP level 7. HP: 50/50 MP: 3/14
   528 | D:5      | Entered Level 5 of the Dungeon
   757 | D:5      | Got the Secrets of the Gritty Inferno
   900 | D:5      | Noticed a yak
   900 | D:5      | Noticed a yak
   900 | D:5      | Noticed a yak
   900 | D:5      | Noticed a yak
   901 | D:5      | Noticed a yak
   901 | D:5      | Noticed a yak
   911 | D:5      | HP: 2/50 [yak (11)]
   912 | D:5      | Gained mutation: You are somewhat resistant to further
                  | mutation. [potion of mutation]
   912 | D:5      | Gained mutation: You expend magic power (3 MP) to
                  | strengthen your wands. [potion of mutation]
   912 | D:5      | Slain by a yak

Illustrated notes

Levels and vault maps discovered:
D:1:      psy_arrival_conway, layout_loops_ring, kennysheep_small_spiral,
          minivault_27, kennysheep_flooded_box, minmay_surrounded
D:2:      layout_loops_cross, serial_bayou, serial_bayou_pond_c,
          serial_bayou_pond_a, serial_bayou_crossing, serial_bayou_pond_c,
          uniq_terence, uniq_jessica
D:3:      layout_basic, shapermc_ecumenical_altar_acropolis, uniq_natasha
D:4:      minmay_inner_zag, layout_rooms, kennysheep_opposing_triangles,
          uniq_menkaure
D:5:      layout_loops_corners

Skill      XL: |  1  2  3  4  5  6 |
---------------+-------------------+-----
Fire Magic     | 4 5 |  5.9
Spellcasting   | 3 4 |  4.6
Dodging        | 3 |  3.1
Conjurations   | 2 3 5 |  5.5
Fighting       | |  0.1
Stealth        | |  1.4

Action                   |  1- 3 |  4- 6 |  7- 9 || total
-------------------------+-------+-------+-------++-------
Melee: Unarmed           |     4 |     5 |     3 ||    12
 Cast: Foxfire           |    16 |    10 |     2 ||    28
       Scorch            |     1 |    21 |     7 ||    29
       Flame Wave        |       |     1 |     2 ||     3
  Use: Scroll            |     1 |     3 |     3 ||     7
       Potion            |       |     2 |     2 ||     4
Armor: Robe              |     1 |     9 |     4 ||    14
Dodge: Dodged            |     5 |    14 |    10 ||    29
